 Dungeon Crawl Stone Soup version 0.31-a0-831-g143b1e81fc (webtiles) character file.

Game seed: 16179577483418762818

11 Dirtsage the Chopper (level 2, -1/24 HPs)
             Began as a Demonspawn Berserker on Sept 24, 2023.
             Was a Follower of Trog.
             Slain by an orc
             ... wielding a +0 hand axe
              (6 damage)
             ... on level 3 of the Dungeon.
             The game lasted 00:00:16 (36 turns).

Dirtsage the Chopper (Demonspawn Berserker)           Turns: 36, Time: 00:00:17

Health: -1/24      AC:  2    Str: 17    XL:     2   Next: 13%
Magic:  2/2        EV: 14    Int:  8    God:    Trog [*.....]
Gold:   17         SH:  0    Dex: 12    Spells: 1/1 levels left

rFire   . . .        a - +0 hand axe
rCold   . . .        (no shield)
rNeg    . . .        b - +0 animal skin
rPois   .            (no helmet)
rElec   .            (no cloak)
rCorr   .            (no gloves)
SInv    .            (no boots)
Will    .....        (no amulet)
Stlth   +            (no ring)
HPRegen 0.24/turn    (no ring)
MPRegen 0.08/turn

%: no passive effects
@: on berserk cooldown, slowed, very slow
A: repulsion field 1
a: Renounce Religion, Berserk


You were on level 3 of the Dungeon.
You worshipped Trog.
Trog was aware of your devotion.
You visited 1 branch of the dungeon, and saw 3 of its levels.

You collected 17 gold pieces.

Inventory:

Hand Weapons
 a - a +0 hand axe (weapon)
Armour
 b - a +0 animal skin (worn)


   Skills:
 - Level 3.0 Fighting
 + Level 3.3 Axes
 - Level 1.7 Armour
 - Level 1.7 Dodging


You had one spell level left.
You didn't know any spells.
Your spell library was empty.

Dungeon Overview and Level Annotations

Branches:
Dungeon (3/15)

Altars:


Innate Abilities, Weirdness & Mutations

You are surrounded by a mild repulsion field. (EV +2)


Message History

You become entangled in the net!
The endoplasm barely misses you.
Your Axes skill increases to level 3!
You have reached level 2!
Your demonic ancestry asserts itself...
You begin to radiate repulsive energy.
You regained 8 hp, and now have 33/36 hp.
MP restored: 2 You struggle against the net.
You struggle against the net.
You feel a strong urge to attack something.
The endoplasm closely misses you.
You rip the net and break free!
You are no longer berserk.
You are exhausted.
You feel yourself slow down. The endoplasm closely misses you.
You now have 22/24 hp.
The gnoll attacks as it pursues you! The gnoll hits you with a +0 club.
You take 3 damage, and have 19/24 hp.
The endoplasm attacks as it pursues you!
The endoplasm closely misses you. The gnoll attacks as it pursues you!
The gnoll hits you with a +0 club! The gnoll barely misses you.
The endoplasm hits you but does no damage.
You take 8 damage, and have 11/24 hp.
MASSIVE DAMAGE!!
The endoplasm hits you.
There is a stone staircase leading down, spattered with blood here.
The endoplasm freezes you.
You are frozen.
The gnoll closely misses you.
You climb downwards.
There is a stone staircase leading up here.
You take 3 damage, and have 8/24 hp.
You hit the endoplasm.
You kill the endoplasm!
Trog accepts your kill.
The orc shouts!
You hit the orc but do no damage. The orc closely misses you.
The orc hits you with a +0 hand axe!
* * * LOW HITPOINT WARNING * * *
You take 7 damage, and have 4/24 hp.
MASSIVE DAMAGE!!
You barely miss the orc. The orc hits you with a +0 hand axe.
You die...

.....###### ####.#
..........##.....##
..................#
...................
...................
...................
...................
.......@o..<.......
...................
..................#
...##..............
## #.......###.####
...####### ..? ..##
.## ## ##


You could see an orc.

Vanquished Creatures
  A gnoll (D:2)
  An endoplasm (D:3)
2 creatures vanquished.

Notes
Turn   | Place    | Note
-------+----------+-------------------------------------------
     0 | D:1      | Dirtsage the Demonspawn Berserker began the quest for the
                  | Orb.
     0 | D:1      | Reached XP level 1. HP: 18/18 MP: 1/1
     9 | D:1      | You fall into a shaft and drop 1 floor!
    19 | D:2      | Gained mutation: You are surrounded by a mild repulsion
                  | field. (EV +2) [demonic ancestry]
    19 | D:2      | Reached XP level 2. HP: 24/24 MP: 2/2
    36 | D:3      | Slain by an orc

Illustrated notes

Levels and vault maps discovered:
D:1:      tarquinn_simple_flora_water_b, layout_rooms, nrook_mini_vaults,
          minmay_crystal_water
D:2:      layout_basic
D:3:      layout_rooms, mainiacjoe_overflow_six_doors_small

Skill      XL: |  1 |
---------------+----+-----
Axes           | 3 |  3.3
Fighting       | |  3.0
Armour         | |  1.7
Dodging        | |  1.7

Action                     || total
---------------------------++-------
  Melee: Hand axe          ||     6
 Invoke: Berserk           ||     1
 Armour: Animal skin       ||     7
  Dodge: Dodged            ||     9

Table legend: (Time is in decaauts)
 A = Elapsed time spent in this place.
 B = Non-inter-level travel time spent in this place.
 C = Inter-level travel time spent in this place.
 D = Time resting spent in this place.
 E = Time spent auto-exploring this place.
 F = Levels seen in this place.
 G = Mean time per level.
                   A        B        C        D        E       F      G
               +--------+--------+--------+--------+--------+-----+--------+
         Total |     40 |     40 |      0 |      0 |     10 |   3 |   13.3 |
       Dungeon |     40 |     40 |      0 |      0 |     10 |   3 |   13.3 |
               +--------+--------+--------+--------+--------+-----+--------+

Top non-repeatable levels by time:
     D:2: 18 daAuts
     D:3: 13 daAuts
     D:1: 9 daAuts
